 Dungeon Crawl Stone Soup version 0.27-a0-1555-g0e7b3fb1d2 (webtiles) character file.

Game seed: 17793512548468167532

65 snetch the Magician (level 4, 0/31 HPs)
             Began as a Djinni Fire Elementalist on July 15, 2021.
             Was a Follower of Fedhas.
             Hit by a goblin thrown by Robin (2 damage)
             ... on level 2 of the Dungeon.
             The game lasted 00:04:39 (1827 turns).

snetch the Magician (Djinni Fire Elementalist)      Turns: 1827, Time: 00:04:40

Health: 0/31       AC:  2    Str:  7    XL:     4   Next: 34%
Gold:   54         EV: 12    Int: 18    God:    Fedhas [*.....] SH:  0 Dex: 13

rFire    + + .     SeeInvis .   d - +2 short sword (venom)
rCold    x . .     Faith    .   (no shield)
rNeg     . . .     Spirit   .   a - +0 robe
rPois    ∞         Reflect  .   (no helmet)
rElec    .         Harm     .   (no cloak)
rCorr    .         Rampage  .   (no gloves)
Will     .....                  (boots unavailable)
Stlth    ++........             (no amulet)
HPRegen  0.10/turn              (no ring)
MPRegen  0.00/turn              (no ring)

@: flying
A: sickness immunity, fire resistance 2, cold vulnerability 1, float, innate
caster, hp casting, extra vitality 1
a: Renounce Religion


You were on level 2 of the Dungeon.
You worshipped Fedhas.
Fedhas was aware of your devotion.
You visited 1 branch of the dungeon, and saw 3 of its levels.

You collected 54 gold pieces.

Inventory:

Hand Weapons
 d - a +2 short sword of venom (weapon)
Missiles
 c - 11 stones
 e - 4 datura-tipped darts
 j - 6 poisoned darts
 k - 26 arrows
Armour
 a - a +0 robe (worn)
Scrolls
 b - a scroll of identify {unknown}
 f - a scroll of enchant armour {unknown}
 h - a scroll of teleportation {unknown}
 i - a scroll of fog {unknown}
Potions
 g - a potion of heal wounds {unknown}
 l - a potion of attraction {unknown}


   Skills:
 + Level 2.4 Dodging
 + Level 2.1 Stealth
 + Level 3.5 Spellcasting


You couldn't memorise any spells.
You knew the following spells:

 Your Spells              Type           Power      Damage    Failure   Level
a - Foxfire               Conj/Fire      60%        2x1d7     3%          1
b - Conjure Flame         Conj/Fire      15%        6-21      11%         3
c - Inner Flame           Hex/Fire       15%        N/A       11%         3
d - Sticky Flame          Conj/Fire      15%        2d4       36%         4
e - Fireball              Conj/Fire      7%         3d5       71%         5
f - Freeze                Ice            60%        1d8       3%          1
Your spell library was empty.

Dungeon Overview and Level Annotations

Branches:
Dungeon (3/15)

Altars:
Fedhas

Annotations:
D:2 Robin, Terence


Innate Abilities, Weirdness & Mutations

You are immune to sickness and miasma.
You are immune to poison.
Your flesh is very heat resistant. (rF++)
You are vulnerable to cold. (rC-)
You float through the air rather than walking.
You learn spells naturally, not from books.
Your magical power is your life essence.
You have superior vitality. (+4 HP)


Message History

You kill the goblin!
Fedhas appreciates your contribution to the ecosystem.
Terence hits you with a +0 short sword.
Casting: Freeze (safe; 3% risk of failure)
Confirm with . or Enter, or press ? or * to list all spells.
Aiming: Freeze (safe; 3% risk of failure)
Press: ? - help, Shift-Dir - straight line, f/p - Terence
Aim: Terence, wielding a +0 short sword and wearing a +3 chain mail of willpower (severely wounded)
You freeze Terence.
Terence is almost dead.
Terence drinks a potion.
Terence is healed!
A goblin comes into view.
It is wielding a +0 dagger of holy wrath.
You are too injured to fight recklessly!
Casting: Foxfire (safe; 3% risk of failure)
Press: ? - help, Q - select action, (/) - cycle Dir - look around, f - activate You conjure some foxfire!
Terence hits you with a +0 short sword.
* * * LOW HITPOINT WARNING * * *
Casting: Foxfire (safe; 3% risk of failure)
Confirm with . or Enter, or press ? or * to list all spells.
Aiming: Freeze (safe; 3% risk of failure)
Press: ? - help, Shift-Dir - straight line, f - Terence
Aim: Terence, wielding a +0 short sword and wearing a +3 chain mail of willpower (severely wounded, ally target)
You freeze Terence.
Terence is severely wounded.
* * * LOW HITPOINT WARNING * * *
The foxfire hits Terence but does no damage.
Terence is severely wounded.
The foxfire hits Terence but does no damage.
Terence is severely wounded.
Terence drinks a potion.
Terence is healed!
Casting: Foxfire (safe; 3% risk of failure)
Press: ? - help, Q - select action, (/) - cycle Dir - look around, f - activate You conjure some foxfire!
* * * LOW HITPOINT WARNING * * *
Terence hits you with a +0 short sword.
* * * LOW HITPOINT WARNING * * *
Robin throws the goblin at you!
You die...
Fedhas appreciates your contribution to the ecosystem.

.#.#.###.###[.#####.
.........#..........
.#.#.#####.#..######
...#.#####.#..####
####.#...........# #
#.#..##....##.# #
#.#..##.......#
####.........###v#######
........##.....g@v.....#
######.###.#####@#####.#
######.###.#####g# #.#
...........#.....# #.#
.########..#.###.# #^#
.# #.#.....>.# #.# .#
##..####### #<# .# #g.#
##.# .# #..# #..#


You could see Terence (ally target), Robin and a goblin (strong).

Vanquished Creatures
  2 adders (D:2)
  3 dart slugs
  3 endoplasms (D:1)
  2 giant cockroaches (D:1)
  7 goblins
  3 hobgoblins (D:2)
  2 jackals (D:2)
  A quokka (D:2)
  4 ball pythons
  A bat (D:1)
  2 frilled lizards
  5 kobolds
  3 rats
38 creatures vanquished.

Vanquished Creatures (others)
  128 foxfires
128 creatures vanquished.

Grand Total: 166 creatures vanquished

Notes
Turn   | Place    | Note
-------+----------+-------------------------------------------
     0 | D:1      | snetch the Djinni Fire Elementalist began the quest for the
                  | Orb.
     0 | D:1      | Reached XP level 1. HP: 15/15 MP: 0/0
    81 | D:1      | Reached XP level 2. HP: 14/21 MP: 0/0
   379 | D:2      | Reached skill level 3 in Spellcasting
   379 | D:2      | Reached XP level 3. HP: 20/25 MP: 0/0
   379 | D:2      | Learned a level 1 spell: Freeze
   384 | D:2      | Noticed Terence
   902 | D:1      | Found a faded altar of an unknown god.
   912 | D:1      | Became a worshipper of Fedhas Madash
   912 | D:1      | Reached * piety under Fedhas
  1614 | D:2      | Reached XP level 4. HP: 23/31 MP: 0/0
  1789 | D:2      | Noticed Robin
  1827 | D:2      | Hit by a goblin thrown by Robin

Illustrated notes

Levels and vault maps discovered:
D:1:      dpeg_arrival_stonehenge_12_columns, layout_rooms,
          ebering_ecumenical_altar_abandoned, minmay_door_square,
          minmay_shallow_snake_nest
D:2:      layout_loops_ring, uniq_robin, uniq_terence
D:3:      layout_loops_corners, serial_shops, shop, shop, shop

Skill      XL: |  1  2  3 |
---------------+----------+-----
Spellcasting   | 3 |  3.5
Stealth        | 2 |  2.1
Dodging        | |  2.4

Action                   |  1- 3 |  4- 6 || total
-------------------------+-------+-------++-------
Melee: Short sword       |     1 |       ||     1
 Cast: Foxfire           |    58 |    16 ||    74
       Freeze            |     5 |     6 ||    11
Armor: Robe              |     1 |     1 ||     2
Dodge: Dodged            |     5 |     9 ||    14

Table legend: (Time is in decaauts)
 A = Elapsed time spent in this place.
 B = Non-inter-level travel time spent in this place.
 C = Inter-level travel time spent in this place.
 D = Time resting spent in this place.
 E = Time spent auto-exploring this place.
 F = Levels seen in this place.
 G = Mean time per level.
                   A        B        C        D        E       F      G
               +--------+--------+--------+--------+--------+-----+--------+
         Total |   1829 |   1700 |    129 |    229 |   1146 |   3 |  609.7 |
       Dungeon |   1829 |   1700 |    129 |    229 |   1146 |   3 |  609.7 |
               +--------+--------+--------+--------+--------+-----+--------+

Top non-repeatable levels by time:
     D:1: 1134 daAuts
     D:2: 693 daAuts
     D:3: 1 daAuts
